 Dungeon Crawl Stone Soup version 0.25-a0-366-g516bc45ae0 (webtiles) character file.

Game seed: 6182890081350938110, levelgen mode: deterministic

121 Napalmbreeze the Covered (level 5, -2/33 HPs)
             Began as a Gargoyle Fighter on Jan 6, 2020.
             Killed from afar by an orc wizard (10 damage)
             ... with a magic dart
             ... on level 3 of the Dungeon.
             The game lasted 00:03:18 (2458 turns).

Napalmbreeze the Covered (Gargoyle Fighter)         Turns: 2458, Time: 00:03:20

Health: -2/33      AC: 11    Str: 21    XL:     5   Next: 5%
Magic:  5/5        EV:  7    Int:  8    God:
Gold:   118        SH:  9    Dex:  9    Spells: 4/4 levels left

rFire    . . .     SeeInvis .   a - +0 flail
rCold    . . .     Gourm    .   c - +0 shield
rNeg     + . .     Faith    .   b - +0 scale mail
rPois    ∞         Spirit   .   (no helmet)
rElec    +         Reflect  .   (no cloak)
rCorr    .         Harm     .   (no gloves)
MR       .....                  (no boots)
Stlth    ..........             (no amulet)
HPRegen  0.11/turn              (no ring)
MPRegen  0.09/turn              (no ring)

@: no status effects
A: negative energy resistance 1, electricity resistance, unbreathing,
petrification resistance, rot immunity, AC +4
a: no special abilities


You were on level 3 of the Dungeon.
You were not hungry.

You visited 1 branch of the dungeon, and saw 3 of its levels.

You collected 118 gold pieces.

Inventory:

Hand Weapons
 a - a +0 flail (weapon)
Armour
 b - a +0 scale mail (worn)
 c - a +0 shield (worn)
 j - a +0 plate armour
Jewellery
 m - an uncursed ring of fire {unknown}
Scrolls
 g - a scroll of identify {unknown}
 i - a scroll of random uselessness {unknown}
 k - 2 scrolls of noise {unknown}
 l - 2 scrolls of teleportation {unknown}
 n - 2 scrolls of remove curse {unknown}
Potions
 d - a potion of might
 e - 2 potions of haste {unknown}
 h - 2 potions of heal wounds {unknown}
Comestibles
 f - 4 rations
 o - 2 chunks of flesh


   Skills:
 + Level 4.1 Fighting
 + Level 3.0 Maces & Flails
 + Level 4.2 Armour
 + Level 4.1 Shields


You had 4 spell levels left.
You didn't know any spells.
Your spell library was empty.

Dungeon Overview and Level Annotations

Branches:
Dungeon (3/15)

Altars:


Innate Abilities, Weirdness & Mutations

You are resistant to torment.
Your stone body is resilient. (AC +4)
You are immune to poison.
You resist negative energy. (rN+)
You are resistant to electric shocks. (rElec)
You can survive without breathing.
You are immune to petrification.
You are immune to rotting.


Message History

The orc wizard is no longer moving quickly.
You see here a scroll labeled BEAFUME LEFUITH.
Found a scroll labeled WUYTRE RADWONIG.
Found a sapphire potion.
There is an open door here.
Found a scroll labeled KOHIUMN MESKY.
Found 15 arrows.
Unknown command.
The orc wizard gestures wildly while chanting.
The orc wizard blinks!
The orc wizard gestures wildly while chanting.
The orc wizard blinks!
The orc wizard points at you and mumbles some strange words.
The magic dart hits you.
* * * LOW HITPOINT WARNING * * *
The orc wizard mumbles some strange words.
The orc wizard blinks!
The orc wizard casts a spell at you. The magic dart hits you!
You die...

#... #... #.#..##
#.#... ### #.##.####
.(.. #.#.....#
#...#.#..##g##
#...#........#
#.....§...#.@#
#......#o....#
#.#.##.#.###.#
#..#.#.# #.#
..####..#.#.#......
........#.#.#....[.
#.#.#........
#?§.#........
#########..#........


You could see an orc wizard and a gnoll.

Vanquished Creatures
  Terence (D:3)
  A gnoll (D:3)
  3 adders (D:2)
  An ooze (D:2)
  4 dart slugs (D:1)
  A leopard gecko (D:3)
  2 orcs (D:3)
  3 giant cockroaches
  3 goblins
  6 hobgoblins
  6 jackals (D:1)
  7 bats
  2 frilled lizards (D:2)
  4 kobolds
  3 rats
47 creatures vanquished.

Notes
Turn   | Place    | Note
-------+----------+-------------------------------------------
     0 | D:1      | Napalmbreeze the Gargoyle Fighter began the quest for the
                  | Orb.
     0 | D:1      | Reached XP level 1. HP: 14/14 MP: 1/1
    64 | D:1      | Reached XP level 2. HP: 16/19 MP: 2/2
   318 | D:1      | Reached XP level 3. HP: 12/23 MP: 3/3
  1455 | D:2      | Reached XP level 4. HP: 21/29 MP: 4/4
  2289 | D:3      | Noticed Terence
  2312 | D:3      | Killed Terence
  2380 | D:3      | Reached XP level 5. HP: 31/33 MP: 5/5
  2458 | D:3      | Killed from afar by an orc wizard

Levels and vault maps discovered:
D:1:      tarquinn_simple_flora_water_e, layout_loops_ring, roderic_lattice_a
D:2:      layout_basic
D:3:      layout_basic, uniq_terence, uniq_grinder, uniq_crazy_yiuf_cottage

Skill      XL: |  1  2  3  4 |
---------------+-------------+-----
Armour         | 4 |  4.2
Fighting       | 4 |  4.1
Maces & Flails | 3 |  3.0
Shields        | 4 |  4.1

Action                   |  1- 3 |  4- 6 || total
-------------------------+-------+-------++-------
Melee: Flail             |   115 |    77 ||   192
  Eat: Chunk             |     2 |     3 ||     5
Armor: Scale mail        |    87 |    31 ||   118
Dodge: Dodged            |    46 |    23 ||    69
Block: Shield            |    86 |    38 ||   124

Table legend:
 A = Non-vault XP
 B = Vault XP
 C = Vault XP percentage of total XP
 D = Non-vault monster count
 E = Vault monster count
 F = Vault count percentage of total count
                 A         B        C        D         E       F
            +---------+---------+-------+---------+---------+-------
      Total |     142 |      32 |  18.4 |      46 |       1 |   2.1
            +---------+---------+-------+---------+---------+-------
        D:1 |      43 |       0 |   0.0 |      21 |       0 |   0.0
        D:2 |      68 |       0 |   0.0 |      16 |       0 |   0.0
        D:3 |      31 |      32 |  50.8 |       9 |       1 |  10.0
            +---------+---------+-------+---------+---------+-------
